 Dungeon Crawl Stone Soup version 0.16.1-30-g34a7ffa (webtiles) character file.

67 hexophile the Caller (level 3, 0/19 HPs)
             Began as a Deep Elf Summoner on June 30, 2015.
             Slain by a crimson imp (3 damage)
             ... summoned by Natasha
             ... on level 3 of the Dungeon.
             The game lasted 00:08:47 (2330 turns).

hexophile the Caller (Deep Elf Summoner)            Turns: 2330, Time: 00:08:47

Health: 0/19       AC:  3    Str:  5    XL:     3   Next: 98%
Magic:  1/12       EV: 12    Int: 20    God:
Gold:   146        SH:  0    Dex: 15    Spells: 3 memorised, 4 levels left

rFire  + . .     SeeInvis .     j - +2 hand axe (flame)
rCold  + . .     Clarity  .     d - +0 leather armour (curse)
rNeg   . . .     SustAb   .     (no shield)
rPois  +         Gourm    .     (no helmet)
rElec  +         Spirit   .     (no cloak)
rCorr  +         Warding  .     (no gloves)
rMut   .         Stasis   .     (no boots)
MR     .....                    (no amulet)
Stlth  ++........               (no ring)
                                (no ring)

@: resistant, very slightly contaminated, not resistant to hostile enchantments,
unstealthy
A: no striking features
a: no special abilities


You were on level 3 of the Dungeon.
You were hungry.

You visited 1 branch of the dungeon, and saw 3 of its levels.

You collected 146 gold pieces.

Inventory:

Hand weapons
 j - a +2 hand axe of flaming (weapon)
Armour
 a - a +0 robe
 d - a cursed +0 leather armour (worn)
Scrolls
 f - 3 scrolls of enchant armour {unknown}
 g - 2 scrolls of teleportation {unknown}
 l - a scroll of fear {unknown}
 m - a scroll of fog {unknown}
 o - a scroll of remove curse {unknown}
 q - a scroll of enchant weapon {unknown}
 s - a scroll of immolation {unknown}
 t - 2 scrolls of amnesia {unknown}
Potions
 e - a potion of agility {unknown}
 h - 2 potions of curing {unknown}
 i - a potion of resistance
 k - a potion of restore abilities {unknown}
 n - a potion of magic {unknown}
 p - a potion of might {unknown}
 r - a potion of haste {unknown}
 u - a potion of poison {unknown}
Books
 b - a book of Callings

   Spells                             Type                      Level
   a - Summon Small Mammal            Summoning                    1
   b - Call Imp                       Summoning                    2
   c - Call Canine Familiar           Summoning                    3
   d - Summon Guardian Golem          Hexes/Summoning              4
   e - Summon Lightning Spire         Summoning/Air                4
   f - Summon Ice Beast               Ice/Summoning                4
Comestibles
 c - 2 bread rations


   Skills:
 - Level 2.4 Dodging
 - Level 2.4 Stealth
 + Level 4.4 Spellcasting
 + Level 5.4 Summonings


You had 4 spell levels left.
You knew the following spells:

 Your Spells              Type           Power        Failure   Level  Hunger
a - Summon Small Mammal   Summ           ####         1%          1    None
b - Call Imp              Summ           ####....     3%          2    #......
c - Call Canine Familiar  Summ           ####....     8%          3    ###....


Dungeon Overview and Level Annotations

Branches:
Dungeon (3/15)

Altars:
Cheibriados
Dithmenos
Trog
The Shining One

Annotations:
D:3 Natasha


Message History

Natasha casts a spell at you. The magic dart hits your hound.
The crimson imp hits you.
* * * LOW HITPOINT WARNING * * *
Casting: Call Imp
Confirm with . or Enter, or press ? or * to list all spells.
A shadowy apparition takes form in the air.
Your hound closely misses Natasha.
Natasha closely misses your hound.
Your hound barely misses Natasha.
The crimson imp barely misses you.
It was a potion of resistance.
You feel protected.
Your hound completely misses Natasha.
Natasha casts a spell.
The crimson imp closely misses you.
You hit the crimson imp.
The crimson imp is lightly wounded.
Your hound bites Natasha but does no damage.
Natasha claws your hound.
Your hound barely misses Natasha.
Your white imp gestures at Natasha.
The puff of frost hits Natasha.
The crimson imp hits you.
You die...

#.#.########.###.#
##'#.#........###.#
#....#.#####....#.#
#....#.#...#.##.#.#
###....#.#.#.#.##.#)#
..#....#.#.#.#.##.#.#
#.#....#.#<#.#.##.#.#
#.#....#.###.#.##.#.#
#5#..5@#.....#....#.#
#h##5#5############.# #
#..#5#h.............#.#
....'....h.............(..>
#######.#####.#........#.#
#.# #.#.#......#.# #.#
#.#.#.###### # #.# #.#.#.#
#.# #.#.#.#


You could see Natasha, a crimson imp, a friendly hound, a friendly white imp and
a friendly shadow imp.

Vanquished Creatures
  A gnoll (D:1)
  An ooze (D:2)
  A giant cockroach (D:1)
  2 hobgoblins
  2 bats
  A giant newt (D:2)
  5 goblins
  7 jackals
  2 kobolds (D:1)
  5 rats
27 creatures vanquished.

Vanquished Creatures (collateral kills)
  2 adders (D:2)
  A worm (D:3)
  A bat (D:1)
  A hobgoblin (D:1)
  A jackal (D:2)
  5 kobolds
  A quokka (D:3)
  3 goblins (D:2)
  2 rats
17 creatures vanquished.

Vanquished Creatures (others)
  3 crimson imps (D:3)
  A shadow imp (D:2)
  A quokka (D:1)
5 creatures vanquished.

Grand Total: 49 creatures vanquished

Notes
Turn   | Place    | Note
--------------------------------------------------------------
     0 | D:1      | hexophile, the Deep Elf Summoner, began the quest for the Orb.
     0 | D:1      | Reached XP level 1. HP: 10/10 MP: 5/5
   614 | D:1      | Reached XP level 2. HP: 12/15 MP: 8/8
   694 | D:1      | Reached skill level 5 in Summonings
   894 | D:1      | Reached XP level 3. HP: 19/19 MP: 11/11
   990 | D:1      | Learned a level 2 spell: Call Imp
   994 | D:1      | Learned a level 3 spell: Call Canine Familiar
  1588 | D:2      | Found a bloodstained altar of Trog.
  1607 | D:2      | Found a snail-covered altar of Cheibriados.
  2117 | D:2      | Found a shadowy altar of Dithmenos.
  2128 | D:2      | Found a glowing golden altar of the Shining One.
  2299 | D:3      | Noticed Natasha
  2330 | D:3      | Slain by a crimson imp

Action                   || total
-------------------------++-------
Melee: Unarmed           ||    11
       Hand axe          ||    71
 Cast: Summon Small Mamm ||    19
       Call Imp          ||     9
       Call Canine Famil ||     4
  Use: Potion            ||     1
 Stab: Sleeping          ||     1
  Eat: Chunk             ||     4
